[Event "Catalan Youth Championship 2024"]
[Site "Cambrils"]
[Date "2024.03.25"]
[Round "4.20"]
[White "Serrahima Susany, Ramon"]
[Black "Porta Isant, Lluis"]
[Result "1/2-1/2"]
[ECO "C11"]
[WhiteElo "2029"]
[BlackElo "2115"]
[Annotator "RC"]
[PlyCount "173"]
[EventDate "2024.03.13"]
[EventType "swiss"]
[EventCountry "ESP"]
[SourceTitle "playchess.com"]
[Source "ChessBase"]
[SourceQuality "1"]
[TimeControl "5400+30"]

1. e4 e6 2. d4 d5 3. Nc3 Nf6 4. e5 Nfd7 5. f4 c5 6. Nf3 Nc6 7. Be3 Qb6 8. Na4 Qa5+ 9. c3 cxd4 10. b4 Qd8 11. Nxd4 a5 12. b5 Nxd4 13. Bxd4 b6 14. Bd3 Nc5 15. Nxc5 bxc5 16. Be3 d4 17. Be4 Rb8 18. cxd4 cxd4 19. Qxd4 Bb4+ 20. Kf2 Qxd4 21. Bxd4 O-O 22. Bc6 Bd7 23. Bxd7 Rbd8 24. a3 Be7 25. Bb6 Rxd7 26. Bxa5 f6 27. exf6 Rxf6 28. g3 g5 29. Rhd1 Rb7 30. Bd8 gxf4 31. gxf4 Bc5+ 32. Kf3 Rf5 33. b6 e5 34. Ke4 Rxf4+ 35. Kd5 Bd4 36. Kc6 Rb8 37. Rxd4 exd4 38. Kc7 Ra8 39. Re1 Rf7+ 40. Re7 Rxa3 41. b7 Rc3+ 42. Kd7 Rb3 43. Kc8 Rf8 44. Rd7 Rc3+ 45. Kb8 d3 46. Ka7 Ra3+ 47. Kb6 Rb3+ 48. Ka7 Rf4 49. Ba5 Ra4 50. Ka6 d2 51. Rxd2 Rxa5+ 52. Kxa5 Rxb7 53. Rf2 h6 54. Ka6 Rb1 55. Rg2+ Kh7 56. Ka5 h5 57. Ka4 Kh6 58. Ka3 h4 59. Rb2 Rc1 60. Kb3 Kg5 61. Rc2 Rd1 62. Kc3 Kg4 63. Rd2 Re1 64. Kd3 Kf3 65. Rb2 h3 66. Rd2 Re8 67. Kc2 Rg8 68. Kd3 Rg2 69. Kc3 Rg6 70. Kd3 Rg1 71. Kc2 Ra1 72. Kd3 Rc1 73. Kd4 Rc7 74. Kd3 Rd7+ 75. Kc3 Rg7 76. Kd3 Rg4 77. Kc3 Rh4 78. Kd3 Rh6 79. Kc3 Ke3 80. Kc2 Rc6+ 81. Kd1 Rg6 82. Re2+ Kf3 83. Rd2 Rg2 84. Rd3+ Kg4 85. Rd4+ Kg5 86. Ke1 Rxh2 87. Kf1 1/2-1/2

[Event "Catalan Youth Championship 2024"]
[Site "Cambrils"]
[Date "2024.03.25"]
[Round "4.21"]
[White "Gomez Navais, Marcal"]
[Black "Serrano Batova, Vicent"]
[Result "1/2-1/2"]
[ECO "B35"]
[WhiteElo "2086"]
[BlackElo "2104"]
[Annotator "RC"]
[PlyCount "52"]
[EventDate "2024.03.13"]
[EventType "swiss"]
[EventCountry "ESP"]
[SourceTitle "playchess.com"]
[Source "ChessBase"]
[SourceQuality "1"]
[TimeControl "5400+30"]

1. e4 c5 2. Nf3 Nc6 3. d4 cxd4 4. Nxd4 g6 5. Nc3 Bg7 6. Be3 Nf6 7. Bc4 O-O 8. Bb3 d5 9. exd5 Na5 10. Qf3 Bg4 11. Qg3 Nxb3 12. axb3 Bh5 13. d6 Ng4 14. dxe7 Qxe7 15. O-O Be5 16. f4 Bg7 17. Bf2 Rfd8 18. Nf3 Nxf2 19. Qxf2 Bxf3 20. Qxf3 Rd2 21. f5 Qc5+ 22. Kh1 Qc6 23. fxg6 fxg6 24. Qxc6 bxc6 25. Rac1 Rad8 26. Ne4 Re2 1/2-1/2

[Event "Catalan Youth Championship 2024"]
[Site "Cambrils"]
[Date "2024.03.25"]
[Round "4.22"]
[White "Niubo Garcia, Adai"]
[Black "Martin Barcelo, Carles"]
[Result "0-1"]
[ECO "B13"]
[WhiteElo "1823"]
[BlackElo "2234"]
[Annotator "RC"]
[PlyCount "44"]
[EventDate "2024.03.13"]
[EventType "swiss"]
[EventCountry "ESP"]
[SourceTitle "playchess.com"]
[Source "ChessBase"]
[SourceQuality "1"]
[TimeControl "5400+30"]

1. e4 c6 2. d4 d5 3. exd5 cxd5 4. Nf3 Nc6 5. c3 Qc7 6. Bd3 Bg4 7. O-O e6 8. Nbd2 Bd6 9. Re1 Bxh2+ 10. Kh1 Bf4 11. Nf1 Nge7 12. Ne3 Bh5 13. g4 Bg6 14. Ng2 Bxc1 15. Rxc1 O-O 16. Ne5 Nxe5 17. dxe5 Bxd3 18. Qxd3 Ng6 19. f4 f6 20. exf6 Rxf6 21. Rxe6 Rxe6 22. f5 Nf4 0-1

[Event "Catalan Youth Championship 2024"]
[Site "Cambrils"]
[Date "2024.03.25"]
[Round "4.23"]
[White "Olcina Monells, Jordi"]
[Black "Rocamora Martorell, Ferran"]
[Result "1/2-1/2"]
[ECO "C43"]
[WhiteElo "1929"]
[BlackElo "2118"]
[Annotator "RC"]
[PlyCount "68"]
[EventDate "2024.03.13"]
[EventType "swiss"]
[EventCountry "ESP"]
[SourceTitle "playchess.com"]
[Source "ChessBase"]
[SourceQuality "1"]
[TimeControl "5400+30"]

1. e4 e5 2. Nf3 Nf6 3. d4 Nxe4 4. Bd3 d5 5. Nxe5 Nd7 6. Nc3 Nxe5 7. dxe5 Nxc3 8. bxc3 h5 9. Be3 c6 10. O-O Qa5 11. f4 Bc5 12. Qe1 Bxe3+ 13. Qxe3 Qb6 14. Qd4 c5 15. Qf2 c4 16. Be2 g6 17. Bf3 Be6 18. Rfd1 Qxf2+ 19. Kxf2 O-O-O 20. h3 Kc7 21. Rd4 b5 22. Rad1 Kc6 23. Kg1 a5 24. a4 Rd7 25. axb5+ Kc5 26. Be2 Ra8 27. Bxc4 dxc4 28. Rxd7 Bxd7 29. Rxd7 a4 30. Rd1 a3 31. Kf2 a2 32. Ra1 Ra3 33. Ke2 Kxb5 34. Kd2 Kc5 1/2-1/2

[Event "Catalan Youth Championship 2024"]
[Site "Cambrils"]
[Date "2024.03.25"]
[Round "4.24"]
[White "Navajas Alvarez, Josep"]
[Black "Jurado Coderch, Heribert"]
[Result "0-1"]
[ECO "E08"]
[WhiteElo "1989"]
[BlackElo "1960"]
[Annotator "NA RC"]
[PlyCount "59"]
[EventDate "2024.03.13"]
[EventType "swiss"]
[EventCountry "ESP"]
[SourceTitle "playchess.com"]
[Source "ChessBase"]
[SourceQuality "1"]
[TimeControl "5400+30"]

1. d4 d5 2. c4 e6 3. Nf3 Nf6 4. g3 Bb4+ 5. Bd2 Be7 6. Bg2 c6 7. Qc2 O-O 8. O-O Nbd7 9. Bf4 Ne4 10. Nbd2 (10. h4 $14 {kam in Betracht.}) 10... f5 11. Ne5 {[%emt 0:04:09] E08: Closed Catalan: Main Line: 7 Qc2.} g5 12. Nxd7 Bxd7 13. Be5 Be8 (13... Nd6 $11) 14. b3 (14. Nxe4 $14 dxe4 15. f3) 14... Bg6 (14... Nd6 $142) 15. f3 Nxd2 16. Qxd2 Bf6 17. Qe3 Bxe5 18. Qxe5 Qf6 19. Qxf6 Rxf6 20. e3 Rd8 21. Rac1 f4 22. Kf2 c5 23. exf4 gxf4 24. Rfd1 dxc4 25. dxc5 Rxd1 26. Rxd1 c3 27. Ke2 Rf5 28. b4 Re5+ 29. Kf2 Rd5 30. Rxd5 $2 (30. Ke1 $17) 0-1

[Event "Catalan Youth Championship 2024"]
[Site "Cambrils"]
[Date "2024.03.25"]
[Round "5.1"]
[White "Sergooris, Emma"]
[Black "Caballero Mogilnikov, Liam"]
[Result "0-1"]
[ECO "B25"]
[WhiteElo "1544"]
[BlackElo "1659"]
[Annotator "NA RC"]
[PlyCount "150"]
[EventDate "2024.03.13"]
[EventType "swiss"]
[EventCountry "ESP"]
[SourceTitle "playchess.com"]
[Source "ChessBase"]
[SourceQuality "1"]
[TimeControl "5400+30"]

1. e4 c5 2. Nc3 d6 3. Nge2 Nf6 4. g3 g6 5. Bg2 Bg7 6. O-O O-O 7. h3 Nc6 8. d3 Bd7 9. Be3 a6 10. Qd2 b5 11. a3 e6 12. Rab1 Rc8 13. b4 Ne7 14. bxc5 dxc5 15. Rfd1 Bc6 16. Bxc5 Ba8 17. Qe3 Nd7 18. Bxe7 Qxe7 19. Qd2 Qxa3 20. Rb3 Qe7 21. Rc1 Nc5 22. Rbb1 Rfd8 23. Qe3 Nd7 24. Rb3 Rc7 25. Qd2 Rdc8 26. Na2 Nc5 27. Rb4 Na4 28. c4 Qd7 29. Qc2 Bf8 30. Rb3 bxc4 31. dxc4 Rxc4 32. Qd3 Qxd3 33. Rxd3 Rxc1+ 34. Naxc1 Bc6 35. Nb3 Bb5 36. Rd2 Bb4 37. Ra2 Nc3 38. Nxc3 Bxc3 39. Rc2 Ba4 40. Ra2 Bxb3 41. Rxa6 Bd4 42. Rd6 Be5 43. Rd3 Rc1+ 44. Kh2 Rb1 45. Rd8+ Kg7 46. Rd2 Rb2 47. Rd3 Bc4 48. Rd1 Rxf2 49. Rc1 Bd3 50. Re1 Re2 51. Rg1 Bxe4 52. h4 Rxg2+ 53. Rxg2 Bxg2 54. Kxg2 h5 55. Kf3 f5 56. Kg2 Kf6 57. Kf3 g5 58. Kg2 gxh4 59. gxh4 f4 60. Kf3 Kf5 61. Kf2 Kg4 62. Kg2 Bd4 63. Kh2 Kxh4 64. Kg2 Kg4 65. Kf1 Kf3 66. Ke1 Ke3 67. Kf1 f3 68. Ke1 f2+ 69. Kf1 h4 70. Kg2 Ke2 71. Kh3 f1=Q+ 72. Kxh4 Qg2 73. Kh5 Bf6 74. Kh6 Qg5+ 75. Kh7 Qg7# 0-1

[Event "Catalan Youth Championship 2024"]
[Site "Cambrils"]
[Date "2024.03.25"]
[Round "5.2"]
[White "Ortega Campallo, David"]
[Black "Guiu Ruiz, Lluc"]
[Result "1/2-1/2"]
[ECO "B77"]
[WhiteElo "1522"]
[BlackElo "1613"]
[Annotator "NA RC"]
[PlyCount "59"]
[EventDate "2024.03.13"]
[EventType "swiss"]
[EventCountry "ESP"]
[SourceTitle "playchess.com"]
[Source "ChessBase"]
[SourceQuality "1"]
[TimeControl "5400+30"]

1. e4 c5 2. Nf3 d6 3. d4 cxd4 4. Nxd4 Nf6 5. Nc3 g6 6. Be3 Bg7 7. Bc4 O-O 8. Qd2 Nc6 9. f3 Nxd4 10. Bxd4 Be6 11. Bxe6 fxe6 12. O-O-O Qa5 13. Kb1 Rac8 14. Ne2 Qxd2 15. Rxd2 a6 16. Ng3 Nd7 17. Bxg7 Kxg7 18. h4 Ne5 19. h5 Nc4 20. Rd3 Ne5 21. Rb3 b5 22. Ne2 Nc4 23. Kc1 Rc7 24. Nd4 Kf6 25. g4 Ke5 26. Ne2 d5 27. hxg6 hxg6 28. Ng3 d4 29. Rd3 Ne3 30. c3 1/2-1/2

[Event "Catalan Youth Championship 2024"]
[Site "Cambrils"]
[Date "2024.03.25"]
[Round "5.3"]
[White "Escobar Pavlik, Luka"]
[Black "Rosique Cano, Xavier"]
[Result "1-0"]
[ECO "D50"]
[WhiteElo "1612"]
[BlackElo "1433"]
[Annotator "NA RC"]
[PlyCount "105"]
[EventDate "2024.03.13"]
[EventType "swiss"]
[EventCountry "ESP"]
[SourceTitle "playchess.com"]
[Source "ChessBase"]
[SourceQuality "1"]
[TimeControl "5400+30"]

1. d4 d5 2. c4 e6 3. Nc3 Nf6 4. Bg5 Bb4 5. e3 Bxc3+ 6. bxc3 Nc6 7. Nf3 h6 8. Bxf6 gxf6 9. c5 e5 10. Bb5 e4 11. Nd2 Bd7 12. c4 Be6 13. Qa4 Qd7 14. Rd1 a6 15. Nxe4 dxe4 16. d5 axb5 17. Qxa8+ Qc8 18. Qxc8+ Bxc8 19. dxc6 bxc6 20. cxb5 cxb5 21. Kd2 Ke7 22. Kc3 Be6 23. Rd4 f5 24. Rb4 c6 25. a4 bxa4 26. Rxa4 Rg8 27. g3 Rd8 28. Rd4 Ra8 29. Rd6 Ra3+ 30. Kb4 Rb3+ 31. Ka4 Rb2 32. Ka3 Ra2+ 33. Kb4 Rb2+ 34. Kc3 Rxf2 35. Rxc6 Rf3 36. Re1 Rf2 37. Rb6 Kd8 38. Rb2 Rf3 39. Kd4 f6 40. c6 Kc7 41. Kc5 Bc8 42. Ra2 Kd8 43. Kd6 h5 44. Ra8 h4 45. c7+ Ke8 46. Rxc8+ Kf7 47. Ra8 hxg3 48. hxg3 Rxg3 49. c8=Q Rg7 50. Qxf5 Rg6 51. Ra7+ Kg8 52. Qxg6+ Kh8 53. Rh1# 1-0

[Event "Catalan Youth Championship 2024"]
[Site "Cambrils"]
[Date "2024.03.25"]
[Round "5.4"]
[White "Serradell Munoz, Silvia"]
[Black "Mumbru Borges, Marc"]
[Result "1/2-1/2"]
[ECO "B01"]
[WhiteElo "1564"]
[BlackElo "1458"]
[Annotator "NA RC"]
[PlyCount "115"]
[EventDate "2024.03.13"]
[EventType "swiss"]
[EventCountry "ESP"]
[SourceTitle "playchess.com"]
[Source "ChessBase"]
[SourceQuality "1"]
[TimeControl "5400+30"]

1. e4 d5 2. exd5 Qxd5 3. Nc3 Qa5 4. d4 Nf6 5. Nf3 Bf5 6. Bc4 c6 7. O-O Nbd7 8. Bd2 e6 9. Re1 Qc7 10. h3 Bd6 11. Qe2 O-O 12. a3 a5 13. a4 Rfe8 14. Bd3 Bg6 15. Bxg6 hxg6 16. Ne5 Nd5 17. Nxd5 exd5 18. Qf3 Nxe5 19. dxe5 Bxe5 20. c3 Re7 21. Kh1 Rae8 22. Be3 Qd6 23. Rad1 Bf4 24. Rd3 Qc7 25. g3 Bd6 26. Red1 Re6 27. h4 Rf6 28. Qg2 Qe7 29. Bg5 Qd8 30. Bxf6 Qxf6 31. Qf3 Re6 32. Qxf6 Rxf6 33. Kg2 Bc5 34. f4 Re6 35. Kf3 f5 36. Rh1 Re7 37. h5 Re6 38. hxg6 Rxg6 39. Rh5 Rf6 40. Rd2 g6 41. Rh1 Re6 42. Re2 Re4 43. Rhe1 Kf7 44. g4 Bd6 45. Rxe4 fxe4+ 46. Ke3 Bc5+ 47. Ke2 Kf6 48. Rh1 Kg7 49. Rh3 Bd6 50. f5 Bf4 51. fxg6 Kxg6 52. Rh5 Kg7 53. Rf5 Bb8 54. Rg5+ Kf7 55. Rf5+ Kg7 56. Rg5+ Kf7 57. Rh5 Kg7 58. Rg5+ 1/2-1/2

[Event "Catalan Youth Championship 2024"]
[Site "Cambrils"]
[Date "2024.03.25"]
[Round "5.5"]
[White "Tallada Serret, Gerard"]
[Black "Hijarrubia Alvarez-Cuevas, Gonzalo"]
[Result "1/2-1/2"]
[ECO "B22"]
[WhiteElo "2085"]
[BlackElo "1827"]
[Annotator "NA RC"]
[PlyCount "71"]
[EventDate "2024.03.13"]
[EventType "swiss"]
[EventCountry "ESP"]
[SourceTitle "playchess.com"]
[Source "ChessBase"]
[SourceQuality "1"]
[TimeControl "5400+30"]

1. e4 c5 2. Nf3 a6 3. c3 d5 4. exd5 Qxd5 5. d4 e6 6. Be2 Nf6 7. O-O Be7 8. h3 Nc6 9. Be3 cxd4 10. cxd4 O-O 11. Nc3 Qd6 12. Qd2 {[%emt 1:29:36] B22: Sicilian: 2 c3.} Rd8 13. Rac1 b5 14. Bf4 Qd7 15. Rfd1 Bb7 16. Qc2 Rac8 17. Qb1 Qe8 18. Bd3 Nb4 19. Be2 h6 20. Ne5 Nbd5 21. Bg3 Nxc3 22. bxc3 Ba3 23. Rc2 Be4 24. Bd3 Bxd3 25. Rxd3 Bd6 26. Rf3 Rc7 27. Bh4 Be7 28. Qc1 Nd7 29. Bxe7 Nxe5 30. dxe5 Qxe7 $17 31. Rg3 Kh8 32. Kh2 Rd5 33. Qf4 Rc4 34. Qe3 Qc5 35. Qf3 Qc7 36. Re2 1/2-1/2

[Event "Catalan Youth Championship 2024"]
[Site "Cambrils"]
[Date "2024.03.25"]
[Round "5.6"]
[White "Mulet Polo, Pau"]
[Black "Bru Montoya, Pau"]
[Result "0-1"]
[ECO "A59"]
[WhiteElo "1768"]
[BlackElo "1850"]
[Annotator "NA RC"]
[PlyCount "72"]
[EventDate "2024.03.13"]
[EventType "swiss"]
[EventCountry "ESP"]
[SourceTitle "playchess.com"]
[Source "ChessBase"]
[SourceQuality "1"]
[TimeControl "5400+30"]

1. d4 Nf6 2. c4 c5 3. d5 b5 4. cxb5 a6 5. bxa6 g6 6. Nc3 Bxa6 7. e4 Bxf1 8. Kxf1 d6 9. g3 Bg7 10. Kg2 O-O 11. Nf3 Nbd7 12. a4 Ng4 13. Nb5 Nge5 14. Nxe5 Nxe5 15. Qc2 Qb6 16. Ra3 Rfc8 17. Bd2 c4 18. Be3 Qa5 19. Bd4 Nd3 20. Bxg7 Kxg7 21. Qc3+ Qxc3 22. bxc3 Nc5 23. Kf3 Rxa4 24. Rxa4 Nxa4 25. Ra1 Nc5 26. Ra7 Kf6 27. Ke3 Rb8 28. Nd4 Rb1 29. Ra2 Re1+ 30. Re2 Rd1 31. Rd2 Rxd2 32. Kxd2 Nxe4+ 33. Kc2 Nxf2 34. Nc6 Ng4 35. h3 Ne3+ 36. Kd2 Nxd5 0-1

[Event "Catalan Youth Championship 2024"]
[Site "Cambrils"]
[Date "2024.03.25"]
[Round "5.7"]
[White "Torres Herrera, Guillem"]
[Black "Presas Gharbi, Rayan"]
[Result "1/2-1/2"]
[ECO "A88"]
[WhiteElo "1780"]
[BlackElo "1705"]
[Annotator "NA RC"]
[PlyCount "51"]
[EventDate "2024.03.13"]
[EventType "swiss"]
[EventCountry "ESP"]
[SourceTitle "playchess.com"]
[Source "ChessBase"]
[SourceQuality "1"]
[TimeControl "5400+30"]

1. d4 f5 2. c4 Nf6 3. Nc3 g6 4. Nf3 Bg7 5. g3 O-O 6. Bg2 d6 7. O-O c6 8. b3 Na6 9. Bb2 Qc7 10. e3 e5 11. d5 Nc5 12. b4 Nce4 13. Nxe4 Nxe4 14. Nd2 cxd5 15. cxd5 Nxd2 16. Qxd2 b6 17. Rac1 Qd7 18. e4 fxe4 19. Bxe4 Ba6 20. Rfe1 Rac8 21. a3 Qf7 22. a4 Bh6 23. Qxh6 Qxf2+ 24. Kh1 Qxb2 25. Bxg6 hxg6 26. Qxg6+ 1/2-1/2

[Event "Catalan Youth Championship 2024"]
[Site "Cambrils"]
[Date "2024.03.25"]
[Round "5.8"]
[White "Monclus Janssens, Jack"]
[Black "Badia Berthelot, Luca"]
[Result "1-0"]
[ECO "C56"]
[WhiteElo "1707"]
[BlackElo "1672"]
[Annotator "NA RC"]
[PlyCount "77"]
[EventDate "2024.03.13"]
[EventType "swiss"]
[EventCountry "ESP"]
[SourceTitle "playchess.com"]
[Source "ChessBase"]
[SourceQuality "1"]
[TimeControl "5400+30"]

1. e4 e5 2. Nf3 Nc6 3. d4 exd4 4. Bc4 Nf6 5. e5 d5 6. Bb5 Ne4 7. Nxd4 Bc5 8. Be3 O-O 9. Nxc6 bxc6 10. Bxc5 Nxc5 11. Bxc6 Rb8 12. O-O Ba6 13. Re1 Rxb2 14. Bxd5 Qe7 15. Bb3 Qh4 16. Nc3 Rd8 17. Qc1 Nd3 18. Qe3 Nxe1 19. Rxe1 Bc4 20. Qc1 Rxb3 21. axb3 Ba6 22. h3 h6 23. Qe3 Qb4 24. Ra1 Bd3 25. Qd2 Rd7 26. cxd3 Qxb3 27. Rxa7 Qb6 28. Ra4 c5 29. Ra8+ Kh7 30. Qf4 Qg6 31. Ne4 Rd4 32. Qe3 Qc6 33. Ra7 Qd5 34. Qf4 Kg8 35. Qg3 Kh8 36. Rc7 Rxd3 37. Rc8+ Kh7 38. Nf6+ gxf6 39. Qg8# 1-0

[Event "Catalan Youth Championship 2024"]
[Site "Cambrils"]
[Date "2024.03.25"]
[Round "5.9"]
[White "Uber Gracia, Hugo"]
[Black "Prada Villagrasa, Pau Manel"]
[Result "0-1"]
[ECO "A17"]
[WhiteElo "2237"]
[BlackElo "2103"]
[Annotator "RC"]
[PlyCount "98"]
[EventDate "2024.03.13"]
[EventType "swiss"]
[EventCountry "ESP"]
[SourceTitle "playchess.com"]
[Source "ChessBase"]
[SourceQuality "1"]
[TimeControl "5400+30"]

1. c4 e6 2. Nf3 Nf6 3. Nc3 d5 4. e3 b6 5. Be2 Bb7 6. b3 Bd6 7. Bb2 a6 8. Qc2 Nbd7 9. d4 O-O 10. Bd3 Re8 11. e4 dxe4 12. Nxe4 Nxe4 13. Bxe4 Bxe4 14. Qxe4 Bb4+ 15. Ke2 Nf6 16. Qe3 Bd6 17. Rhd1 Qe7 18. h3 c5 19. Kf1 Rad8 20. Rd2 Qc7 21. Ne5 Bxe5 22. dxe5 Rxd2 23. Qxd2 Nd7 24. Rd1 Nb8 25. Qd6 Qb7 26. f3 h6 27. Bc3 a5 28. Ke2 Na6 29. Qd7 Rb8 30. a3 g5 31. Qd2 Kg7 32. Qe1 b5 33. Bxa5 bxc4 34. bxc4 Qb2+ 35. Kf1 Qxa3 36. Bd8 Nb4 37. Bf6+ Kg8 38. h4 Nc2 39. Qg3 Ne3+ 40. Kg1 Nxd1 41. hxg5 Qe3+ 42. Kh2 Qd3 43. gxh6+ Qg6 44. Qh4 Rb2 45. Bg5 Kh7 46. f4 Ne3 47. Qe1 Rxg2+ 48. Kh1 Qe4 49. Qa5 Rg3+ 0-1

[Event "Catalan Youth Championship 2024"]
[Site "Cambrils"]
[Date "2024.03.25"]
[Round "5.10"]
[White "Molina Gil, Noah"]
[Black "Tello Alvarez, Erik"]
[Result "1-0"]
[ECO "B30"]
[WhiteElo "1932"]
[BlackElo "1624"]
[Annotator "RC"]
[PlyCount "85"]
[EventDate "2024.03.13"]
[EventType "swiss"]
[EventCountry "ESP"]
[SourceTitle "playchess.com"]
[Source "ChessBase"]
[SourceQuality "1"]
[TimeControl "5400+30"]

1. e4 c5 2. Nf3 Nc6 3. h3 e6 4. Bd3 Be7 5. c3 d5 6. exd5 exd5 7. Bc2 Nf6 8. O-O O-O 9. d4 cxd4 10. Nxd4 Nxd4 11. Qxd4 b6 12. Bg5 h6 13. Bh4 Bb7 14. Nd2 Rc8 15. Nf3 Qd6 16. Rfe1 Qc5 17. Rad1 Qxd4 18. Nxd4 Rfe8 19. Ba4 Ne4 20. Bxe7 Rxe7 21. f3 Nxc3 22. Rxe7 Nxd1 23. Rxb7 Nxb2 24. Bc6 Rd8 25. Rxa7 Nc4 26. Ra8 Rxa8 27. Bxa8 Ne3 28. g4 Kf8 29. Nf5 Nxf5 30. gxf5 d4 31. Kf2 Ke7 32. Be4 Kd6 33. Ke2 Kc5 34. Kd3 b5 35. h4 h5 36. Ba8 f6 37. Be4 Kb4 38. Kxd4 Ka3 39. Bd5 b4 40. Bb3 Kb2 41. Kc4 Ka3 42. Kb5 Kb2 43. Kxb4 1-0

[Event "Catalan Youth Championship 2024"]
[Site "Cambrils"]
[Date "2024.03.25"]
[Round "5.11"]
[White "Garcia Canals, Gerard"]
[Black "Mallorqui Llop, Marc"]
[Result "0-1"]
[ECO "D36"]
[WhiteElo "1814"]
[BlackElo "1874"]
[Annotator "NA RC"]
[PlyCount "64"]
[EventDate "2024.03.13"]
[EventType "swiss"]
[EventCountry "ESP"]
[SourceTitle "playchess.com"]
[Source "ChessBase"]
[SourceQuality "1"]
[TimeControl "5400+30"]

1. d4 d5 2. c4 e6 3. Nc3 Nf6 4. cxd5 exd5 5. Bg5 Be7 6. e3 O-O 7. Bd3 c6 8. Qc2 Nbd7 9. Nge2 Re8 10. O-O h6 11. Bh4 Nb6 12. f3 Nc4 13. Bf2 c5 14. Nxd5 Nxd5 15. Bxc4 cxd4 16. exd4 Be6 17. Qd1 Ne3 18. Bxe3 Bxc4 19. b3 Ba6 20. Re1 Bb4 21. Kf2 Bxe1+ 22. Qxe1 Rc8 23. Rd1 Qe7 24. Qd2 Rc2 25. Qxc2 Qxe3+ 26. Kg3 Qg5+ 27. Kh3 Rxe2 28. Qc8+ Kh7 29. Rg1 Bd3 30. g4 Qf4 31. Rg3 Rf2 32. Qxb7 Bf1+ 0-1

[Event "Catalan Youth Championship 2024"]
[Site "Cambrils"]
[Date "2024.03.25"]
[Round "5.12"]
[White "Villa Tornero, Alex"]
[Black "Marsal Calvet, Josep"]
[Result "1-0"]
[ECO "B10"]
[WhiteElo "2329"]
[BlackElo "1830"]
[Annotator "RC"]
[PlyCount "77"]
[EventDate "2024.03.13"]
[EventType "swiss"]
[EventCountry "ESP"]
[SourceTitle "playchess.com"]
[Source "ChessBase"]
[SourceQuality "1"]
[TimeControl "5400+30"]

1. e4 c6 2. Nf3 d5 3. exd5 cxd5 4. Ne5 Nc6 5. d4 Nxe5 6. dxe5 e6 7. Nd2 Bd7 8. Nf3 Bc5 9. Bd3 Qc7 10. O-O Ne7 11. c3 Ng6 12. Qe2 O-O 13. h4 h6 14. h5 Ne7 15. Bf4 f5 16. exf6 Qxf4 17. fxe7 Bxe7 18. Rae1 Bd6 19. Ne5 Qxe5 20. Qxe5 Bxe5 21. Rxe5 b5 22. f4 a6 23. g3 Rac8 24. a3 Rcd8 25. Kf2 Kf7 26. Ke3 Ke7 27. Kd4 Kd6 28. Rfe1 Rc8 29. f5 Rfe8 30. g4 Rf8 31. Rxe6+ Bxe6 32. Rxe6+ Kd7 33. Rxa6 Rc4+ 34. Bxc4 dxc4 35. Kd5 Kc7 36. Ra7+ Kb6 37. Rxg7 Rd8+ 38. Ke4 Re8+ 39. Kf3 1-0

[Event "Catalan Youth Championship 2024"]
[Site "Cambrils"]
[Date "2024.03.25"]
[Round "5.13"]
[White "Fernandez Climent, Albert"]
[Black "Salinas Tomas, Daniel"]
[Result "0-1"]
[ECO "B11"]
[WhiteElo "1978"]
[BlackElo "2386"]
[Annotator "RC"]
[PlyCount "130"]
[EventDate "2024.03.13"]
[EventType "swiss"]
[EventCountry "ESP"]
[SourceTitle "playchess.com"]
[Source "ChessBase"]
[SourceQuality "1"]
[TimeControl "5400+30"]

1. e4 c6 2. Nf3 d5 3. Nc3 dxe4 4. Nxe4 Nf6 5. Qe2 Nxe4 6. Qxe4 Nd7 7. Bc4 Nf6 8. Ne5 e6 9. Qe2 b5 10. Bb3 Qc7 11. a4 Bd6 12. d4 O-O 13. Nd3 a5 14. h3 bxa4 15. Bc4 Nd5 16. O-O Nb6 17. Ba2 Ba6 18. Re1 c5 19. dxc5 Bxc5 20. Qe4 Bd6 21. Bb1 Bb7 22. Qh4 a3 23. bxa3 Qc4 24. Qg5 h6 25. Qh5 Qd5 26. Qxd5 Bxd5 27. Bf4 Bxf4 28. Nxf4 Rfc8 29. c4 Rxc4 30. Nxd5 Nxd5 31. Bd3 Rc5 32. Reb1 Rac8 33. Rb7 g5 34. Bb5 R5c7 35. Rxc7 Rxc7 36. a4 Kf8 37. Rd1 Ke7 38. h4 Nc3 39. Rd3 Nxb5 40. axb5 Rb7 41. Rb3 Kd6 42. hxg5 hxg5 43. Kh2 Kc5 44. Rg3 f6 45. Rf3 f5 46. Re3 Rb6 47. Re5+ Kd6 48. Re1 Rxb5 49. g4 f4 50. Kg2 a4 51. Kf3 a3 52. Ra1 Ra5 53. Ke4 a2 54. f3 Ra4+ 55. Kd3 Ra3+ 56. Kd4 Rxf3 57. Rxa2 Ke7 58. Ra7+ Kf6 59. Ra8 e5+ 60. Kd5 Rd3+ 61. Ke4 Rd4+ 62. Kf3 e4+ 63. Ke2 e3 64. Rf8+ Kg7 65. Re8 Rd2+ 0-1

[Event "Catalan Youth Championship 2024"]
[Site "Cambrils"]
[Date "2024.03.25"]
[Round "5.14"]
[White "Clotet Mas, Dan"]
[Black "Anguera Staina, Maxim"]
[Result "0-1"]
[ECO "B07"]
[WhiteElo "2028"]
[BlackElo "2020"]
[Annotator "RC"]
[PlyCount "60"]
[EventDate "2024.03.13"]
[EventType "swiss"]
[EventCountry "ESP"]
[SourceTitle "playchess.com"]
[Source "ChessBase"]
[SourceQuality "1"]
[TimeControl "5400+30"]

1. e4 d6 2. d4 Nf6 3. Nc3 e5 4. dxe5 dxe5 5. Qxd8+ Kxd8 6. f3 Be6 7. Be3 c6 8. Nge2 Kc7 9. Nc1 Nfd7 10. Nd3 Na6 11. Kf2 Nb4 12. Nxb4 Bxb4 13. Nb1 Rhd8 14. a4 a5 15. Be2 f5 16. exf5 Bxf5 17. c3 Bc5 18. Na3 Bxe3+ 19. Kxe3 Nf6 20. Bc4 e4 21. f4 Ng4+ 22. Ke2 e3 23. Nb1 Re8 24. h3 Nf2 25. Re1 Rad8 26. Kf3 Be4+ 27. Kg3 Bxb1 28. Raxb1 Ne4+ 29. Kh2 Nd2 30. Bf7 Re7 0-1

[Event "Catalan Youth Championship 2024"]
[Site "Cambrils"]
[Date "2024.03.25"]
[Round "5.15"]
[White "Sviridenko, Yaroslav"]
[Black "Escudero Ribo, Eloi"]
[Result "1-0"]
[ECO "B13"]
[WhiteElo "1961"]
[BlackElo "1982"]
[Annotator "NA RC"]
[PlyCount "65"]
[EventDate "2024.03.13"]
[EventType "swiss"]
[EventCountry "ESP"]
[SourceTitle "playchess.com"]
[Source "ChessBase"]
[SourceQuality "1"]
[TimeControl "5400+30"]

1. e4 c6 2. d4 d5 3. exd5 cxd5 4. Bd3 Nc6 5. c3 Nf6 6. h3 g6 7. Nf3 Bg7 8. O-O O-O 9. Be3 Ne8 10. Nbd2 Nd6 11. Re1 Bf5 12. Bf1 Qb6 13. b3 Qc7 14. Bf4 Qd8 15. b4 Ne4 16. Nxe4 Bxe4 17. Nd2 Bf5 18. Nb3 a5 19. b5 Na7 20. g4 Bd7 21. a4 b6 22. Bg2 Be6 23. Rc1 Rc8 24. Nd2 Qd7 25. Nf1 Rcd8 26. Ne3 Nc8 27. c4 f5 28. cxd5 fxg4 29. dxe6 Qxe6 30. Nd5 Qf7 31. Qxg4 Rxd5 32. Bxd5 Qxd5 33. Rxc8 1-0

[Event "Catalan Youth Championship 2024"]
[Site "Cambrils"]
[Date "2024.03.25"]
[Round "5.16"]
[White "Montes Molina, Ivan"]
[Black "Nepali Dolkar, Sherab Odsel"]
[Result "1-0"]
[ECO "B12"]
[WhiteElo "2100"]
[BlackElo "1853"]
[Annotator "RC"]
[PlyCount "97"]
[EventDate "2024.03.13"]
[EventType "swiss"]
[EventCountry "ESP"]
[SourceTitle "playchess.com"]
[Source "ChessBase"]
[SourceQuality "1"]
[TimeControl "5400+30"]

1. e4 c6 2. d4 d5 3. e5 Bf5 4. Nf3 e6 5. Be2 c5 6. O-O Nc6 7. Be3 Qb6 8. Nc3 Qxb2 9. Qe1 Qb6 10. dxc5 Qa5 11. Nb5 Qxe1 12. Rfxe1 O-O-O 13. Nbd4 Nge7 14. Bb5 h6 15. a4 Kc7 16. a5 a6 17. Nxc6 Nxc6 18. Bxc6 bxc6 19. Nd4 Bh7 20. Rab1 Bxc5 21. Nxe6+ fxe6 22. Bxc5 Bxc2 23. Rb4 Bd3 24. Bb6+ Kc8 25. Bxd8 Rxd8 26. Rf4 c5 27. Rf7 Rd7 28. Rf8+ Rd8 29. Rxd8+ Kxd8 30. f4 Kc7 31. g4 g6 32. Kf2 Kc6 33. Ke3 Be4 34. Re2 Kb5 35. Rb2+ Kxa5 36. Rb8 Bc2 37. Kd2 Be4 38. Re8 d4 39. Rxe6 c4 40. Rd6 c3+ 41. Kc1 d3 42. e6 Kb5 43. e7 d2+ 44. Kd1 Bf3+ 45. Kc2 Kc5 46. Rd8 Bc6 47. Kxc3 a5 48. Kxd2 a4 49. Rc8 1-0